 Dungeon Crawl Stone Soup version 0.18.1-50-g88ac8fd (webtiles) character file.

6726 go0n the Nimble (level 10, -2/102 HPs)
             Began as a Troll Berserker on Sept 25, 2016.
             Was an Elder of Trog.
             Slain by an orc warrior
             ... wielding a +0 war axe
              (9 damage)
             ... on level 1 of the Orcish Mines.
             The game lasted 00:22:47 (7907 turns).

go0n the Nimble (Troll Berserker)                   Turns: 7907, Time: 00:22:48

Health: -2/102     AC:  7    Str: 34    XL:     10   Next: 74%
Magic:  9/9        EV:  8    Int:  3    God:    Trog [****..]
Gold:   576        SH:  0    Dex:  9    Spells: 0 memorised, 9 levels left

rFire  . . .     SeeInvis .       - Unarmed
rCold  + . .     Gourm    +     a - +1 animal skin
rNeg   . . .     Faith    .     (no shield)
rPois  .         Spirit   .     (helmet restricted)
rElec  .         Dismiss  .     (no cloak)
rCorr  .         Reflect  .     (gloves unavailable)
SustAt +         Harm     .     (boots unavailable)
MR     .....                    z - amulet of regeneration
Stlth  +.........               m - ring of sustain attributes
                                e - +4 ring of strength

@: not resistant to hostile enchantments, very unstealthy
A: unfitting armour, claws 3, talons 1, thin metallic scales 1, cold resistance
1, deformed body, fast metabolism 3, gourmand, mutation resistance 1,
regeneration 2, shaggy fur 1, tough skin 2, wild magic 1
a: Berserk, Trog's Hand, Brothers in Arms, Burn Spellbooks, Renounce Religion


You were on level 1 of the Orcish Mines.
You worshipped Trog.
Trog was greatly pleased with you.
You were completely stuffed.

You visited 3 branches of the dungeon, and saw 11 of its levels.

You collected 576 gold pieces.

Inventory:

Hand Weapons
 x - a +0 giant spiked club
Armour
 a - a +1 animal skin (worn)
 d - a +0 robe
Jewellery
 e - a +4 ring of strength (left claw)
 g - an uncursed ring of resist corrosion
 m - a ring of sustain attributes (right claw)
 n - an uncursed amulet of magic regeneration
 p - a +3 ring of intelligence
 z - an amulet of regeneration (around neck)
Wands
 q - a wand of teleportation (6/9)
 C - a wand of flame (31/48)
Scrolls
 c - 2 scrolls of noise
 f - 4 scrolls of teleportation
 h - a scroll of magic mapping
 j - a scroll of remove curse
 k - 6 scrolls of identify
 s - 3 scrolls of recharging
 v - 2 scrolls of enchant weapon
 w - a scroll of vulnerability {unknown}
 A - a scroll of fog
Potions
 l - a potion of invisibility
 t - a potion of might
 B - a potion of flight
 D - a potion of cure mutation
Books
 r - a book of Envenomations

   Spells                             Type                      Level
   a - Spider Form                    Transmutation/Poison         3
   b - Olgreb's Toxic Radiance        Poison                       4
   c - Alistair's Intoxication        Transmutation/Poison         5
   d - Poisonous Cloud                Conjuration/Poison/Air       6
   Trog disapproves of the use of such an item.
 y - a book of Unlife

   Spells                             Type                      Level
   a - Recall                         Summoning/Translocation      3
   b - Animate Dead                   Necromancy                   4
   c - Control Undead                 Necromancy                   4
   d - Cigotuvi's Embrace             Necromancy                   5
   e - Death Channel                  Necromancy                   6
   f - Simulacrum                     Ice/Necromancy               6
   Trog disapproves of the use of such an item.
Comestibles
 b - 9 bread rations
 i - 4 meat rations
 o - 2 beef jerkies
 u - 4 fruits
 E - a slice of pizza
 F - 2 chunks of flesh


   Skills:
 + Level 7.6 Fighting
 + Level 10.0 Dodging
 * Level 8.9 Unarmed Combat


You had 9 spell levels left.
You didn't know any spells.

Dungeon Overview and Level Annotations

Branches:
Dungeon (9/15)             Temple (0/1) D:7            Lair (1/8) D:9
    Orc (1/2) D:9

Altars:
Zin
The Shining One


Innate Abilities, Weirdness & Mutations

You are too large for most types of armour.
You have claws for hands.
Your metabolism is lightning-fast.
You like to eat raw meat.
You heal very quickly.
You are covered in fur (AC +1).
You have very tough skin (AC +2).
You have sharp toenails.
You are partially covered in thin metallic scales (AC +2).
Your flesh is cold resistant.
Armour fits poorly on your strangely shaped body.
You are somewhat resistant to further mutation.
Your spells are a little harder to cast, but a little more powerful.


Message History

You climb downwards.
Welcome to the Orcish Mines!
The orc warrior hits you with a mace!!
* * * LOW HITPOINT WARNING * * *
A warg comes into view.
The warg howls!
The orc hits you with a club.
* * * LOW HITPOINT WARNING * * *
The orc hits you with a mace.
* * * LOW HITPOINT WARNING * * *
The warg barely misses you.
An orc warrior comes into view. It is wielding a glaive of distortion.
There is a staircase back to the Dungeon, spattered with blood here.
You see here a tomahawk.
You can't go down here!
The warg bites you!
* * * LOW HITPOINT WARNING * * *
The orc wizard gestures wildly while chanting.
The orc wizard seems to speed up.
The orc warrior hits you with a war axe!
You die...

.#$. . $....
#...# . .....
###....#. ......
#..#....# ......
.........#...$..
...#....#....#.#
#..o.o.h....##
#....(@ho....o
#......ooo....h.
...........o....
....o.......o...
#$oo........#.$.
...o............
...$....ooo.....
.o.....$.......


You could see 3 wargs, 5 orc warriors, 3 orc priests, 3 orc wizards and 6 orcs.

Vanquished Creatures
  Erolcha (D:8)
  A komodo dragon (D:9)
  A troll (D:9)
  3 blink frogs (Lair:1)
  A spriggan (D:9)
  Sigmund (D:3)
  A vampire (D:9)
  A hippogriff (D:7)
  A warg (D:9)
  3 porcupines
  An ice beast (D:7)
  3 sky beasts
  2 phantoms
  6 ogres
  A wolf (Lair:1)
  7 centaurs
  A crocodile (D:9)
  2 big kobolds (D:7)
  4 giant frogs
  A gnoll sergeant (D:7)
  3 scorpions
  8 wights
  A quasit (D:7)
  6 orc priests
  2 giant frog skeletons
  3 jellies
  2 centaur skeletons
  4 hounds
  4 iguanas
  6 orc wizards
  2 hell rats (D:9)
  5 worker ants
  A killer bee zombie (D:7)
  A hound skeleton (D:5)
  Robin (D:2)
  A howler monkey zombie (D:8)
  A worker ant zombie (D:7)
  8 gnolls
  9 adders
  An ooze (D:1)
  An adder skeleton (D:9)
  2 worms
  A giant gecko (D:2)
  17 orcs
  A ball python (D:3)
  5 giant cockroaches
  20 goblins
  7 hobgoblins
  8 jackals
  14 kobolds
  3 quokkas
  6 bats
  5 giant newts
  11 rats
212 creatures vanquished.

Notes
Turn   | Place    | Note
--------------------------------------------------------------
     0 | D:1      | go0n the Troll Berserker began the quest for the Orb.
     0 | D:1      | Reached XP level 1. HP: 22/22 MP: 0/0
   386 | D:1      | Reached XP level 2. HP: 27/29 MP: 1/1
   657 | D:1      | Reached ** piety under Trog
  1135 | D:2      | Reached XP level 3. HP: 36/36 MP: 2/2
  1154 | D:2      | Reached skill level 3 in Dodging
  1371 | D:2      | Found a glowing silver altar of Zin.
  1461 | D:2      | Noticed Robin
  1492 | D:2      | Killed Robin
  1623 | D:2      | Reached XP level 4. HP: 45/45 MP: 3/3
  1895 | D:3      | Noticed Sigmund
  1901 | D:3      | Killed Sigmund
  1901 | D:3      | Reached skill level 4 in Dodging
  1901 | D:3      | Reached XP level 5. HP: 44/53 MP: 4/4
  2473 | D:3      | Reached *** piety under Trog
  2473 | D:3      | Reached XP level 6. HP: 55/62 MP: 5/5
  3373 | D:5      | Entered Level 5 of the Dungeon
  3373 | D:5      | Noticed a sky beast
  3388 | D:4      | Killed a sky beast
  3710 | D:5      | Reached XP level 7. HP: 68/70 MP: 6/6
  3792 | D:5      | Found a glowing golden altar of the Shining One.
  3836 | D:5      | Reached skill level 5 in Dodging
  4003 | D:5      | Reached skill level 5 in Unarmed Combat
  4396 | D:6      | Reached XP level 8. HP: 79/79 MP: 7/7
  4421 | D:6      | Reached skill level 6 in Dodging
  4630 | D:6      | Reached skill level 5 in Fighting
  4933 | D:7      | Found a staircase to the Ecumenical Temple.
  4942 | D:6      | Reached **** piety under Trog
  5094 | D:6      | Gained mutation: You have sharp toenails. [potion of mutation]
  5094 | D:6      | Gained mutation: Armour fits poorly on your strangely shaped body. [potion of mutation]
  5094 | D:6      | Gained mutation: Your flesh is cold resistant. [potion of mutation]
  5095 | D:6      | Gained mutation: Your spells are a little harder to cast, but a little more powerful. [potion of mutation]
  5095 | D:6      | Gained mutation: You are partially covered in thin metallic scales (AC +2). [potion of mutation]
  5095 | D:6      | Gained mutation: You are somewhat resistant to further mutation. [potion of mutation]
  5275 | D:7      | Reached skill level 7 in Dodging
  5491 | D:7      | Found Okyphine's Book Emporium.
  5500 | D:7      | Reached XP level 9. HP: 78/89 MP: 8/8
  5968 | D:8      | Reached skill level 8 in Dodging
  6807 | D:8      | Noticed Erolcha
  6817 | D:8      | Killed Erolcha
  6817 | D:8      | Reached XP level 10. HP: 100/100 MP: 9/9
  7012 | D:9      | Reached skill level 9 in Dodging
  7233 | D:9      | Found a staircase to the Lair.
  7290 | Lair:1   | Entered Level 1 of the Lair of Beasts
  7345 | Lair:1   | Reached ***** piety under Trog
  7714 | D:9      | Reached skill level 10 in Dodging
  7894 | D:9      | Found a staircase to the Orcish Mines.
  7899 | Orc:1    | Entered Level 1 of the Orcish Mines
  7907 | Orc:1    | Slain by an orc warrior

Skill      XL: |  1  2  3  4  5  6  7  8  9 10 |
---------------+-------------------------------+-----
Dodging        | 3 4 5 7 8 10 | 10.0
Fighting       | 3 4 5 6 7 |  7.6
Unarmed Combat | 4 5 6 7 8 |  8.9

Action                   |  1- 3 |  4- 6 |  7- 9 | 10-12 || total
-------------------------+-------+-------+-------+-------++-------
Melee: Unarmed           |   111 |    95 |   268 |   126 ||   600
       Kick              |       |       |    47 |    40 ||    87
       Punch             |       |       |    11 |     5 ||    16
Invok: Trog's Hand       |     1 |     1 |     2 |     4 ||     8
       Berserk           |     1 |       |     2 |     3 ||     6
       Burn Spellbooks   |       |     1 |       |       ||     1
  Use: Potion            |     1 |     6 |     6 |       ||    13
       Scroll            |       |     7 |     6 |       ||    13
  Eat: Chunk             |    21 |    10 |    18 |    24 ||    73
       Bread ration      |       |     1 |     2 |       ||     3
Armor: Animal skin       |    47 |    32 |   105 |    21 ||   205
       Skin              |    18 |       |       |       ||    18
Dodge: Dodged            |    68 |    41 |   210 |    82 ||   401
